 Dungeon Crawl Stone Soup version 0.18.1-48-g4cf74bf (webtiles) character file.

20766 Inkary the Cleaver (level 12, -6/169 HPs)
             Began as a Hill Orc Berserker on Aug 26, 2016.
             Was an Elder of Trog.
             Killed by the air
             ... invoked by Gastronok
              (24 damage)
             ... on level 1 of the Orcish Mines.
             The game lasted 00:30:16 (11921 turns).

Inkary the Cleaver (Hill Orc Berserker)            Turns: 11921, Time: 00:30:17

Health: -6/169     AC: 17    Str: 27    XL:     12   Next: 82%
Magic:  10/10      EV: 19    Int:  7    God:    Trog [****..]
Gold:   316        SH:  5    Dex: 18    Spells: 0 memorised, 11 levels left

rFire  + + +     SeeInvis .     N - +7 hand axe of Mayhem {flame, Str+3}
rCold  . . .     Gourm    .     O - +0 troll leather armour
rNeg   . . .     Faith    .     (no shield)
rPois  +         Spirit   .     (helmet restricted)
rElec  .         Dismiss  .     r - +0 cloak
rCorr  .         Reflect  +     z - +1 pair of gloves {archery}
SustAt .         Harm     .     m - +2 pair of boots {run}
MR     ++...                    E - +5 amulet of reflection
Stlth  ..........               k - +4 ring of protection
                                A - ring "Parykk" {Fragile rPois rF+++ Dex+2 Stlth+}

@: berserking (expiring), lethally poisoned (-6 -> -7), regenerating, very
quick, very resistant to hostile enchantments, extremely unstealthy
A: horns 1, thin skeletal structure 1, low mp 1, weak 1
a: Berserk, Trog's Hand, Brothers in Arms, Burn Spellbooks, Renounce Religion


You were on level 1 of the Orcish Mines.
You worshipped Trog.
Trog was greatly pleased with you.
You were hungry.

You visited 4 branches of the dungeon, and saw 16 of its levels.

You collected 1006 gold pieces.
You spent 690 gold pieces at shops.

Inventory:

Hand Weapons
 N - the +7 hand axe of Mayhem (weapon) {flame, Str+3}
   (You found it on level 1 of the Lair of Beasts)

   It has been specially enchanted to burn those struck by it, causing extra
   injury to most foes and up to half again as much damage against particularly
   susceptible opponents.
   Big, fiery blades are also staple armaments of hydra-hunters.
   It affects your strength (+3).
Missiles
 t - a throwing net (quivered)
Armour
 m - a +2 pair of boots of running (worn)
 r - a +0 cloak (worn)
 z - a +1 pair of gloves of archery (worn)
 I - a +1 leather armour of cold resistance
 O - a +0 troll leather armour (worn)
Jewellery
 k - a +4 ring of protection (right hand)
 y - an uncursed amulet of rage {unknown}
 A - the ring "Parykk" (left hand) {Fragile rPois rF+++ Dex+2 Stlth+}
   (You found it on level 4 of the Dungeon)

   [ring of stealth]

   It affects your dexterity (+2).
   It renders you almost immune to fire.
   It protects you from poison.
   It will be destroyed if unequipped.
   It makes you more stealthy.
 B - an uncursed amulet of faith
 E - a +5 amulet of reflection (around neck)
 P - an uncursed ring of resist corrosion
Wands
 a - a wand of slowing (13/48)
 x - a wand of lightning (10/15)
 K - a wand of disintegration (16/24)
Scrolls
 b - 3 scrolls of teleportation
 d - a scroll of recharging
 e - a scroll of remove curse
 h - a scroll of fog
 i - a scroll of identify
 j - a scroll of magic mapping
 n - a scroll of vulnerability
 o - 5 scrolls of enchant weapon
 G - 2 scrolls of torment
 M - a scroll of enchant armour
 R - a scroll of blinking
Potions
 f - 3 potions of brilliance
 p - 3 potions of might
 q - a potion of lignification
 s - 7 potions of curing
 u - a potion of cancellation
 v - 2 potions of flight
 w - 6 potions of heal wounds
 C - 2 potions of mutation
 H - a potion of ambrosia
Books
 L - a book of Ice

   Spells                             Type                      Level
   a - Ice Form                       Ice/Transmutation            4
   b - Metabolic Englaciation         Hexes/Ice                    5
   c - Ozocubu's Refrigeration        Ice                          6
   d - Bolt of Cold                   Conjuration/Ice              6
   e - Freezing Cloud                 Conjuration/Ice/Air          6
   f - Simulacrum                     Ice/Necromancy               6
   Trog disapproves of the use of such an item.
 Q - a Young Poisoner's Handbook

   Spells                             Type                      Level
   a - Sting                          Conjuration/Poison           1
   b - Cure Poison                    Poison                       2
   c - Mephitic Cloud                 Conjuration/Poison/Air       3
   d - Olgreb's Toxic Radiance        Poison                       4
   e - Venom Bolt                     Conjuration/Poison           5
   Trog disapproves of the use of such an item.
Comestibles
 c - 7 bread rations
 g - 11 meat rations
 l - 6 fruits
 F - a beef jerky
 J - a slice of pizza


   Skills:
 + Level 12.8 Fighting
 + Level 13.7 Axes
 + Level 11.7 Armour
 + Level 8.9 Dodging


You had 11 spell levels left.
You didn't know any spells.

Dungeon Overview and Level Annotations

Branches:
Dungeon (12/15)            Temple (1/1) D:6            Lair (2/8) D:8
    Orc (1/2) D:11

Altars:
Ashenzari
Cheibriados
Dithmenos
Elyvilon
Fedhas
Gozag
Kikubaaqudgha
Makhleb
Nemelex Xobeh
Okawaru
Pakellas
Qazlal
Ru
Sif Muna
Trog
Vehumet
Xom
Yredelemnul
Zin
The Shining One
Beogh

Shops:
D:5 !   D:6 }   D:9 *(:}}   D:11 (   Orc:1 ?

Annotations:
Orc:1 Gastronok


Innate Abilities, Weirdness & Mutations

You have a pair of small horns on your head.
You have a somewhat thin skeletal structure (Dex +2, Stealth).
Your magical capacity is low (-10% MP).
You are weak. (Str -2)


Message History

The orc warrior misses you.
You slash the orc warlord! You burn the orc warlord.
The orc warlord is almost dead.
You hit the orc warrior but do no damage.
The orc warrior is lightly wounded.
You hit the orc warrior but do no damage.
The orc warrior is almost dead.
The orc warrior hits you from afar with a halberd!!
* * * LOW HITPOINT WARNING * * *
You are too berserk!
The orc warlord hits you from afar with a bardiche of venom!!
* * * LOW HITPOINT WARNING * * *
You are poisoned.
The orc warrior hits you from afar with a halberd.
* * * LOW HITPOINT WARNING * * *
You feel a strong urge to attack something.
You feel sick.
Gastronok waves his eye-stalks in wide circles.
The air twists around and strikes you!
You die...

#........#.)......^..#
.........###.....#..#####
#........###........#.#.#####
####..#.###..............##.##
#..### ##.................#
#### ###................##
...w...............##
....................#
......r@.........#.##
#######.############ #o#


#ooo# #.oo# #...# #...# +...+ #...# You could see Gastronok, an orc warlord, 5
orc warriors and a quokka.

Vanquished Creatures
  An ettin (Orc:1)
  2 hydras
  A centaur warrior (D:10)
  The ghost of Inkary the Cleaver, a novice HOGl of Okawaru (D:8)
  Urug (Orc:1)
  The ghost of Inkary the Cleaver, a novice HOBe of Trog (D:7)
  3 hill giants
  An orc knight (D:12)
  A wolf spider zombie (D:12)
  An ugly thing (D:11)
  A cyclops (D:12)
  A manticore (D:11)
  A kobold demonologist (D:12)
  2 komodo dragons
  4 trolls
  5 polar bears (Lair:2)
  A two-headed ogre (D:8)
  2 wyverns
  Grum (D:8)
  A wraith (D:9)
  3 hippogriffs
  4 vampire mosquitoes (D:12)
  7 water moccasins
  2 porcupines
  4 ice beasts
  8 orc warriors
  3 black bears (Lair:2)
  4 phantoms
  An eye of draining (D:12)
  5 sky beasts
  5 ogres
  2 wolves (D:8)
  7 centaurs
  A crocodile (Lair:2)
  A big kobold (D:10)
  8 giant frogs
  3 scorpions
  A wyvern skeleton (D:12)
  5 killer bees (D:7)
  2 electric eels (D:9)
  8 howler monkeys
  11 wights
  3 crimson imps
  2 giant frog zombies
  A centaur zombie (D:11)
  A quasit (D:11)
  A wasp zombie (D:5)
  7 hounds
  A centaur skeleton (D:8)
  8 orc priests
  2 giant frog skeletons
  12 orc wizards
  Jessica (D:2)
  7 iguanas
  10 worker ants
  5 sheep (D:12)
  2 hound skeletons
  A worker ant zombie (D:10)
  3 gnolls (Orc:1)
  15 adders
  A shadow imp (D:7)
  2 oozes
  4 worms
  2 dart slugs (D:2)
  5 giant geckos
  59 orcs
  8 giant cockroaches
  11 goblins
  7 hobgoblins
  12 jackals
  3 quokkas
  A ball python (D:2)
  10 bats
  A giant gecko skeleton (D:8)
  4 giant newts
  11 kobolds
  2 quokka skeletons
  8 rats
360 creatures vanquished.

Vanquished Creatures (others)
  A centaur (D:11)
  A quokka (D:4)
2 creatures vanquished.

Grand Total: 362 creatures vanquished

Notes
Turn   | Place    | Note
--------------------------------------------------------------
     0 | D:1      | Inkary the Hill Orc Berserker began the quest for the Orb.
     0 | D:1      | Reached XP level 1. HP: 19/19 MP: 1/1
   190 | D:1      | Reached XP level 2. HP: 26/27 MP: 2/2
   841 | D:2      | Found a glowing golden altar of the Shining One.
   866 | D:2      | Noticed Jessica
   876 | D:2      | Reached XP level 3. HP: 21/33 MP: 3/3
   878 | D:2      | Killed Jessica
  1089 | D:2      | Reached ** piety under Trog
  1216 | D:2      | Reached XP level 4. HP: 24/40 MP: 4/4
  1429 | D:2      | Reached skill level 5 in Axes
  1654 | D:2      | Reached XP level 5. HP: 20/47 MP: 5/5
  1981 | D:3      | Reached *** piety under Trog
  2088 | D:3      | Reached skill level 5 in Fighting
  2279 | D:3      | Reached XP level 6. HP: 53/56 MP: 6/6
  2399 | D:4      | Noticed an ice beast
  2420 | D:4      | Killed an ice beast
  2420 | D:4      | Reached skill level 6 in Axes
  2485 | D:4      | Found a white marble altar of Elyvilon.
  2487 | D:4      | Noticed a hippogriff
  2508 | D:4      | Killed a hippogriff
  2508 | D:4      | Reached XP level 7. HP: 22/61 MP: 7/7
  2625 | D:4      | Got a scorched pewter ring
  3223 | D:5      | Entered Level 5 of the Dungeon
  3256 | D:5      | Found Ripar's Distillery.
  3264 | D:5      | Bought a potion of degeneration for 12 gold pieces
  3264 | D:5      | Bought a potion of heal wounds for 60 gold pieces
  3264 | D:5      | Bought a potion of curing for 36 gold pieces
  3267 | D:5      | Bought a potion of curing for 36 gold pieces
  3313 | D:5      | Found a white marble altar of Elyvilon.
  3415 | D:5      | Reached skill level 5 in Armour
  3555 | D:5      | Found a shadowy altar of Dithmenos.
  3578 | D:5      | Reached skill level 7 in Axes
  3602 | D:5      | Reached XP level 8. HP: 54/71 MP: 8/8
  3695 | D:5      | Gained mutation: You have a somewhat thin skeletal structure (Dex +2, Stealth). [mutagenic meat]
  3696 | D:5      | Gained mutation: You have a pair of small horns on your head. [mutagenic meat]
  3697 | D:5      | Gained mutation: Scrolls take you a little longer to read. [mutagenic meat]
  3698 | D:5      | Gained mutation: You passively map a small area around you. [mutagenic meat]
  3699 | D:5      | Gained mutation: You evolve. [mutagenic meat]
  3894 | D:6      | Reached **** piety under Trog
  3925 | D:6      | Reached skill level 8 in Axes
  3955 | D:6      | Found a staircase to the Ecumenical Temple.
  3984 | Temple   | Entered the Ecumenical Temple
  4100 | D:6      | Identified the ring "Parykk" {Fragile rPois rF+++ Dex+2 Stlth+} (You found it on level 4 of the Dungeon)
  4371 | D:6      | Found an oddly glowing altar of Pakellas.
  4371 | D:6      | Found Pakellas's Prime Provisions.
  4460 | D:6      | Gained mutation: Armour fits poorly on your strangely shaped body. [mutagenic meat]
  4461 | D:6      | Gained mutation: You are weak. (Str -2) [mutagenic meat]
  4463 | D:6      | Gained mutation: You are dopey. (Int -2) [mutagenic meat]
  4488 | D:6      | Reached XP level 9. HP: 79/79 MP: 9/9
  4490 | D:6      | Found a bloodstained altar of Trog.
  4491 | D:6      | Found a radiant altar of Vehumet.
  4719 | D:7      | Noticed Inkary's ghost (novice HOBe)
  4762 | D:7      | Killed Inkary's ghost
  4762 | D:7      | Reached skill level 9 in Axes
  4762 | D:7      | Reached skill level 5 in Dodging
  5042 | D:7      | Reached skill level 10 in Axes
  5049 | D:7      | Reached XP level 10. HP: 91/91 MP: 10/10
  5071 | D:7      | Gained mutation: Your magical capacity is low (-10% MP). [mutagenic meat]
  5072 | D:7      | Lost mutation: You evolve. [mutagenic meat]
  5073 | D:7      | Lost mutation: You are dopey. (Int -2) [mutagenic meat]
  5494 | D:8      | Noticed Grum
  5500 | D:8      | Found an opulent altar of Gozag.
  5504 | D:8      | Killed Grum
  5575 | D:8      | Found a staircase to the Lair.
  5577 | D:8      | Found a shadowy altar of Dithmenos.
  5623 | D:8      | Noticed Inkary's ghost (novice HOGl)
  5634 | D:8      | Killed Inkary's ghost
  5773 | D:8      | Reached skill level 11 in Axes
  6220 | D:8      | Reached skill level 10 in Fighting
  6272 | Lair:1   | Entered Level 1 of the Lair of Beasts
  6323 | Lair:1   | Got a bloodstained hand axe
  6324 | Lair:1   | Identified the +7 hand axe of Mayhem {flame, Str+3} (You found it on level 1 of the Lair of Beasts)
  6813 | Lair:1   | Noticed a four-headed hydra
  6822 | Lair:1   | Killed a one-headed hydra
  6822 | Lair:1   | Reached XP level 11. HP: 101/101 MP: 9/9
  7756 | Lair:2   | Reached skill level 12 in Axes
  7938 | Lair:2   | Reached skill level 10 in Armour
  8196 | D:9      | Found Qecetz's Book Shop.
  8348 | D:9      | Found Egahel's Gadget Boutique.
  8367 | D:9      | Found Xexiket's Gadget Shop.
  8428 | D:9      | Found Esmaiss's Weapon Boutique.
  8491 | D:9      | Found Upairch's Assorted Antiques.
  8494 | D:9      | Bought a scroll of identify for 48 gold pieces
  8494 | D:9      | Bought a potion of heal wounds for 120 gold pieces
  8544 | D:9      | Found a shimmering altar of Xom.
  8547 | D:9      | Found a shimmering altar of Xom.
  8548 | D:9      | Found a shimmering altar of Xom.
  8549 | D:9      | Found a shimmering altar of Xom.
  8552 | D:9      | Found a shimmering altar of Xom.
  8566 | D:9      | Found a shimmering altar of Xom.
  8642 | D:9      | Found a basalt altar of Yredelemnul.
  8915 | D:9      | Noticed a fire crab
  8940 | D:10     | Entered Level 10 of the Dungeon
  8981 | D:10     | Gained mutation: Your spells are a little harder to cast, but a little more powerful. [mutagenic meat]
  8983 | D:10     | Gained mutation: You are covered in fur (AC +1). [mutagenic meat]
  8984 | D:10     | Lost mutation: Scrolls take you a little longer to read. [potion of cure mutation]
  8984 | D:10     | Lost mutation: Armour fits poorly on your strangely shaped body. [potion of cure mutation]
  8984 | D:10     | Lost mutation: You are covered in fur (AC +1). [potion of cure mutation]
  8984 | D:10     | Lost mutation: You passively map a small area around you. [potion of cure mutation]
  8984 | D:10     | Lost mutation: Your spells are a little harder to cast, but a little more powerful. [potion of cure mutation]
  9029 | D:10     | Noticed a centaur warrior
  9042 | D:10     | Killed a centaur warrior
  9137 | D:10     | Noticed a hill giant
  9141 | D:10     | Killed a hill giant
  9463 | D:11     | Noticed a brown ugly thing
  9484 | D:11     | Killed a brown ugly thing
  9484 | D:11     | Reached XP level 12. HP: 52/111 MP: 10/10
  9614 | D:11     | Found Peush's Weapon Boutique.
  9616 | D:11     | Found a staircase to the Orcish Mines.
 10143 | D:11     | Reached skill level 13 in Axes
 10176 | D:12     | Identified a +2 pair of boots of running (You found it on level 12 of the Dungeon)
 10736 | D:12     | Noticed a five-headed hydra
 10747 | D:12     | Killed a one-headed hydra
 11476 | Orc:1    | Entered Level 1 of the Orcish Mines
 11578 | Orc:1    | Found a roughly hewn altar of Beogh.
 11591 | Orc:1    | Found Etetoi's Magic Scroll Shoppe.
 11596 | Orc:1    | Bought a scroll of identify for 28 gold pieces
 11596 | Orc:1    | Bought a scroll of enchant armour for 105 gold pieces
 11596 | Orc:1    | Bought a scroll of identify for 28 gold pieces
 11596 | Orc:1    | Bought a scroll of enchant weapon for 105 gold pieces
 11603 | Orc:1    | Bought 3 scrolls of identify for 84 gold pieces
 11603 | Orc:1    | Bought a scroll of identify for 28 gold pieces
 11605 | Orc:1    | Identified a scroll of acquirement
 11839 | Orc:1    | Noticed Urug
 11856 | Orc:1    | Killed Urug
 11858 | Orc:1    | Noticed an ettin
 11871 | Orc:1    | Killed an ettin
 11901 | Orc:1    | Noticed an orc warlord
 11902 | Orc:1    | Noticed Gastronok
 11921 | Orc:1    | Killed from afar by Gastronok

Skill      XL: |  1  2  3  4  5  6  7  8  9 10 11 12 |
---------------+-------------------------------------+-----
Fighting       | 4 5 6 7 9 10 11 12 | 12.8
Armour         | 3 4 5 6 7 9 10 11 | 11.7
Axes           | 5 6 7 8 10 11 12 13 | 13.7
Dodging        | 2 3 4 5 6 7 8 |  8.9

Action                   |  1- 3 |  4- 6 |  7- 9 | 10-12 || total
-------------------------+-------+-------+-------+-------++-------
Melee: Hand axe          |    79 |   249 |   319 |   453 ||  1100
       Headbutt          |       |       |    59 |   167 ||   226
       Battleaxe         |       |       |    53 |   139 ||   192
Invok: Berserk           |     1 |     2 |     3 |     9 ||    15
       Trog's Hand       |       |     2 |     4 |    11 ||    17
       Burn Spellbooks   |       |       |       |     1 ||     1
Evoke: Wand              |       |       |       |     1 ||     1
  Use: Scroll            |       |       |       |    30 ||    30
       Potion            |       |       |       |     1 ||     1
 Stab: Sleeping          |       |       |       |    22 ||    22
  Eat: Chunk             |     2 |     7 |    20 |    36 ||    65
       Fruit             |       |       |     1 |       ||     1
       Pizza             |       |       |     1 |       ||     1
       Beef jerky        |       |       |       |     2 ||     2
Armor: Animal skin       |     2 |       |       |       ||     2
       Ring mail         |    18 |     6 |       |       ||    24
       Leather armour    |     4 |       |       |    84 ||    88
       Chain mail        |       |   171 |   147 |       ||   318
       Plate armour      |       |       |    88 |    12 ||   100
Dodge: Dodged            |    49 |   123 |   133 |   330 ||   635
Block: Other             |       |       |    23 |   101 ||   124
       Reflection        |       |       |       |     3 ||     3
